[Event "Polish Youth G16 Championship 2023"]
[Site "Jastrzebia Gora"]
[Date "2023.03.13"]
[Round "3.11"]
[White "Kulczycka, Zofia"]
[Black "Bauer, Maja"]
[Result "1/2-1/2"]
[ECO "B76"]
[WhiteElo "1547"]
[BlackElo "1383"]
[Annotator "NA COMBH"]
[PlyCount "61"]
[EventDate "2023.03.11"]
[EventType "swiss"]
[EventCountry "POL"]
[SourceTitle "playchess.com"]
[Source "ChessBase"]
[SourceQuality "1"]
[TimeControl "40/5400+30:1800+30"]

1. e4 c5 2. Nf3 d6 3. d4 cxd4 4. Nxd4 Nf6 5. Nc3 g6 6. f3 Bg7 7. Be3 Nc6 8. Qd2 O-O 9. O-O-O d5 10. Nxc6 bxc6 11. Bc4 Rb8 12. Bb3 Be6 13. h4 h5 14. g4 Qa5 15. gxh5 Nxh5 16. exd5 Rfd8 17. Bd4 Bxd5 18. Nxd5 Qxd2+ 19. Rxd2 cxd5 20. Bxg7 Kxg7 21. Rxd5 Rxd5 22. Bxd5 Ng3 23. Re1 Nf5 24. Bc4 e6 25. Rh1 Rh8 26. Rd1 Rxh4 27. Bb3 Nd4 28. Rd3 Rf4 29. c4 Nxf3 30. c5 Ne5 31. c6 1/2-1/2

[Event "Polish Youth G16 Championship 2023"]
[Site "Jastrzebia Gora"]
[Date "2023.03.13"]
[Round "3.12"]
[White "Kaczmarek, Paulina"]
[Black "Giemza, Julia"]
[Result "0-1"]
[ECO "B44"]
[WhiteElo "1317"]
[BlackElo "1536"]
[Annotator "NA RC COMBH"]
[PlyCount "140"]
[EventDate "2023.03.11"]
[EventType "swiss"]
[EventCountry "POL"]
[SourceTitle "playchess.com"]
[Source "ChessBase"]
[SourceQuality "1"]
[TimeControl "40/5400+30:1800+30"]

1. e4 c5 2. Nf3 e6 3. d4 cxd4 4. Nxd4 Nc6 5. Nb5 d6 6. N1c3 a6 7. Nd4 Qc7 8. Be3 Nf6 9. f3 b5 10. Qd2 Bb7 11. g4 Rc8 12. Nxc6 Bxc6 13. O-O-O Be7 14. h4 O-O 15. h5 Rfd8 16. g5 Ne8 17. g6 fxg6 18. hxg6 h6 19. Bd3 Bf6 20. f4 Qb7 21. Rhf1 b4 22. Ne2 Bxe4 23. Bxe4 Qxe4 24. Qd3 Qxd3 25. Rxd3 Rc6 26. Nd4 Bxd4 27. Rxd4 a5 28. f5 e5 29. Rd5 Ra8 30. Rb5 Kf8 31. f6 Nxf6 32. Rb7 d5 33. Bxh6 gxh6 34. Rf7+ Kg8 35. R1xf6 Rxf6 36. Rxf6 Kg7 37. Re6 e4 38. Kd2 Rf8 39. Re5 Rd8 40. Re6 Rf8 41. Re5 Kxg6 42. Rxd5 Rf5 43. Rd6+ Kg5 44. Ke3 Re5 45. c3 bxc3 46. bxc3 h5 47. Rd1 Kg4 48. Rg1+ Kh3 49. Rh1+ Kg2 50. Rh4 Kg3 51. Rh1 h4 52. Kd4 Re8 53. Ke3 h3 54. Rg1+ Kh2 55. Rg5 Kh1 56. Rh5 h2 57. c4 Rg8 58. Kxe4 Kg2 59. c5 h1=Q 60. Rxh1 Kxh1 61. Kd5 Kg2 62. a4 Kf3 63. c6 Ke3 64. c7 Rc8 65. Kd6 Kd4 66. Kd7 Rxc7+ 67. Kxc7 Kc5 68. Kd7 Kb4 69. Kd6 Kxa4 70. Kc5 Kb3 0-1

[Event "Polish Youth G16 Championship 2023"]
[Site "Jastrzebia Gora"]
[Date "2023.03.13"]
[Round "3.14"]
[White "Pietryk, Joanna"]
[Black "Pastuszko, Katarzyna"]
[Result "0-1"]
[ECO "C60"]
[WhiteElo "1488"]
[BlackElo "1286"]
[Annotator "NA RC COMBH"]
[PlyCount "54"]
[EventDate "2023.03.11"]
[EventType "swiss"]
[EventCountry "POL"]
[SourceTitle "playchess.com"]
[Source "ChessBase"]
[SourceQuality "1"]
[TimeControl "40/5400+30:1800+30"]

1. e4 e5 2. Nf3 Nc6 3. Bb5 Nge7 4. O-O g6 5. Nc3 Bg7 6. Nd5 O-O 7. d4 exd4 8. Bg5 f6 9. Bh4 g5 10. Bg3 d6 11. h4 Bg4 12. Bc4 Kh8 13. Qd2 Bxf3 14. gxf3 gxh4 15. Bxh4 Ne5 16. Be2 Rg8 17. Kh2 Nxd5 18. exd5 d3 19. cxd3 Qd7 20. Rg1 Qf5 21. Rg3 Ng6 22. Rg4 Qh5 23. Kg3 Nxh4 24. Rh1 Nf5+ 25. Kg2 Qf7 26. Qf4 Qxd5 27. Qh2 Bh6 0-1

[Event "Polish Youth G16 Championship 2023"]
[Site "Jastrzebia Gora"]
[Date "2023.03.13"]
[Round "3.15"]
[White "Dura, Anna"]
[Black "Romejko, Jagoda"]
[Result "1/2-1/2"]
[ECO "A38"]
[WhiteElo "1186"]
[BlackElo "1483"]
[Annotator "NA RC COMBH"]
[PlyCount "100"]
[EventDate "2023.03.11"]
[EventType "swiss"]
[EventCountry "POL"]
[SourceTitle "playchess.com"]
[Source "ChessBase"]
[SourceQuality "1"]
[TimeControl "40/5400+30:1800+30"]

1. c4 c5 2. Nc3 g6 3. g3 Bg7 4. Bg2 Nc6 5. Nf3 Nf6 6. O-O O-O 7. a3 d6 8. Rb1 Bf5 9. d3 Qd7 10. b4 a6 11. Re1 Bh3 12. Bh1 Rab8 13. Bd2 Rfd8 14. Ng5 Bf5 15. Nge4 b6 16. Nxf6+ Bxf6 17. Nd5 Bg7 18. Bc3 b5 19. Bxg7 Kxg7 20. Qc2 cxb4 21. axb4 Kg8 22. Ne3 Be6 23. cxb5 Nd4 24. Qb2 Nxb5 25. Rec1 Rdc8 26. Qa1 Qa7 27. Re1 Bd7 28. Rbc1 Rxc1 29. Qxc1 Rc8 30. Qb2 Be6 31. Nd5 f6 32. Nf4 Bf7 33. Rc1 Qb8 34. Nd5 Kf8 35. Ra1 Qa7 36. Qd2 Kg7 37. e3 Be8 38. Bg2 Bf7 39. Qd1 Be8 40. Qa4 Nc7 41. Qa5 e6 42. Nxc7 Rxc7 43. Bf1 Qb7 44. d4 Bb5 45. Bxb5 axb5 46. Qa2 Kf7 47. Qe2 Rc4 48. Qd2 Qc7 49. Kg2 Rc2 50. Qd3 Rc4 1/2-1/2

[Event "Polish Youth G16 Championship 2023"]
[Site "Jastrzebia Gora"]
[Date "2023.03.13"]
[Round "3.16"]
[White "Butkiewicz, Hanna"]
[Black "Pniewska, Beata"]
[Result "0-1"]
[ECO "C15"]
[WhiteElo "1120"]
[BlackElo "1448"]
[Annotator "NA RC COMBH"]
[PlyCount "40"]
[EventDate "2023.03.11"]
[EventType "swiss"]
[EventCountry "POL"]
[SourceTitle "playchess.com"]
[Source "ChessBase"]
[SourceQuality "1"]
[TimeControl "40/5400+30:1800+30"]

1. e4 e6 2. Nc3 d5 3. d4 Bb4 4. exd5 exd5 5. Be3 Nc6 6. Nf3 Bg4 7. Be2 Nge7 8. Qd2 Qd7 9. h3 Bh5 10. O-O O-O-O 11. a3 Bd6 12. Nb5 Nf5 13. Nxd6+ Qxd6 14. Bf4 Qg6 15. g4 Bxg4 16. hxg4 Qxg4+ 17. Kh1 Rhe8 18. Ne5 Qh3+ 19. Kg1 Nxe5 20. dxe5 Nh4 0-1

[Event "Polish Youth G16 Championship 2023"]
[Site "Jastrzebia Gora"]
[Date "2023.03.13"]
[Round "3.17"]
[White "Makarec, Anna"]
[Black "Sprzeczka, Emilia"]
[Result "1/2-1/2"]
[ECO "B23"]
[WhiteElo "1271"]
[BlackElo "1887"]
[Annotator "NA RC COMBH"]
[PlyCount "77"]
[EventDate "2023.03.11"]
[EventType "swiss"]
[EventCountry "POL"]
[SourceTitle "playchess.com"]
[Source "ChessBase"]
[SourceQuality "1"]
[TimeControl "40/5400+30:1800+30"]

1. e4 c5 2. Nc3 g6 3. g3 Bg7 4. Bg2 Nc6 5. Nge2 e6 6. d3 Nge7 7. Be3 Nd4 8. O-O O-O 9. Qd2 d6 10. g4 e5 11. h3 f5 12. gxf5 gxf5 13. f4 Rb8 14. Ng3 Qe8 15. Bxd4 cxd4 16. Nce2 Be6 17. fxe5 dxe5 18. exf5 Nxf5 19. Nxf5 Bxf5 20. Ng3 Qg6 21. Nxf5 Rxf5 22. Rxf5 Qxf5 23. Rf1 Qg6 24. Qa5 Re8 25. Qd5+ Kh8 26. Qxb7 Rg8 27. Kh1 Bf8 28. Be4 Qh6 29. Qd7 Bb4 30. Qf5 Qg7 31. Qf7 Bc5 32. Bd5 Rf8 33. Qxg7+ Kxg7 34. Rxf8 Bxf8 35. Kg2 Kf6 36. Kf3 Bh6 37. c4 dxc3 38. bxc3 Bd2 39. Ke4 1/2-1/2

[Event "Polish Youth G16 Championship 2023"]
[Site "Jastrzebia Gora"]
[Date "2023.03.13"]
[Round "3.18"]
[White "Ekner, Maria"]
[Black "Michalska, Anna-Maria"]
[Result "1/2-1/2"]
[ECO "D11"]
[WhiteElo "1337"]
[BlackElo "1417"]
[Annotator "NA COMBH"]
[PlyCount "100"]
[EventDate "2023.03.11"]
[EventType "swiss"]
[EventCountry "POL"]
[SourceTitle "playchess.com"]
[Source "ChessBase"]
[SourceQuality "1"]
[TimeControl "40/5400+30:1800+30"]

1. d4 d5 2. c4 c6 3. Nf3 Nf6 4. Bg5 e6 5. Nc3 Be7 6. Qc2 Nbd7 7. e3 b6 8. Bd3 Bb7 9. O-O O-O 10. a3 dxc4 11. Bxc4 b5 12. Bd3 a5 13. e4 h6 14. Bxf6 Nxf6 15. e5 Nd5 16. Nxd5 Qxd5 17. Be4 Qd7 18. Rac1 Rfc8 19. Rfd1 Rc7 20. Qe2 Rac8 21. h3 a4 22. Nh2 Rd8 23. Qh5 Bg5 24. Rc3 Qe8 25. Qf3 Be7 26. Ng4 Ba8 27. Qf4 Bg5 28. Qf3 Kh8 29. g3 Be7 30. h4 c5 31. Bxa8 Rxa8 32. Rdc1 Rac8 33. Ne3 Kg8 34. Nf1 Qd7 35. Qd3 Rd8 36. Rd1 c4 37. Qe2 Qc6 38. Nh2 Rcd7 39. Nf3 Rd5 40. Rc2 Bc5 41. Rcd2 Bb6 42. Qe4 Qd7 43. Qf4 Ba5 44. Rc2 Rc8 45. Rdc1 Rc7 46. g4 Bb6 47. Rd1 Qe7 48. Rdc1 Rcd7 49. Rd1 Bc7 50. Kg2 Bb6 1/2-1/2

[Event "Polish Youth G16 Championship 2023"]
[Site "Jastrzebia Gora"]
[Date "2023.03.13"]
[Round "3.19"]
[White "Oborska, Magda"]
[Black "Danek, Wiktoria"]
[Result "1-0"]
[ECO "C70"]
[WhiteElo "1613"]
[BlackElo "1161"]
[Annotator "NA RC COMBH"]
[PlyCount "77"]
[EventDate "2023.03.11"]
[EventType "swiss"]
[EventCountry "POL"]
[SourceTitle "playchess.com"]
[Source "ChessBase"]
[SourceQuality "1"]
[TimeControl "40/5400+30:1800+30"]

1. e4 e5 2. Nf3 Nc6 3. Bb5 a6 4. Ba4 Bc5 5. O-O Nge7 6. d3 O-O 7. h3 d6 8. Nc3 h6 9. Be3 Ba7 10. Bxa7 Rxa7 11. Ne2 b5 12. Bb3 Na5 13. d4 Nxb3 14. axb3 exd4 15. Nfxd4 Bb7 16. Nxb5 Ra8 17. Nbc3 Ng6 18. Ng3 Qg5 19. Nd5 Bxd5 20. Qxd5 Qd8 21. Qc6 Ne5 22. Qc3 Re8 23. Nf5 f6 24. Qg3 g5 25. Nxh6+ Kh7 26. Nf5 Rh8 27. Ra4 c6 28. f4 Nf7 29. fxg5 fxg5 30. Rd1 d5 31. Qc3 Qb6+ 32. Kh1 Rhg8 33. Qf6 Qc7 34. exd5 cxd5 35. Rxd5 Rg6 36. Rc4 Rxf6 37. Rxc7 Kg6 38. Nd4 Re8 39. Nf3 1-0

[Event "Polish Youth G16 Championship 2023"]
[Site "Jastrzebia Gora"]
[Date "2023.03.13"]
[Round "3.20"]
[White "Idzior, Izabela"]
[Black "Nieckarz, Maja"]
[Result "0-1"]
[ECO "B76"]
[WhiteElo "1287"]
[BlackElo "1493"]
[Annotator "NA RC COMBH"]
[PlyCount "40"]
[EventDate "2023.03.11"]
[EventType "swiss"]
[EventCountry "POL"]
[SourceTitle "playchess.com"]
[Source "ChessBase"]
[SourceQuality "1"]
[TimeControl "40/5400+30:1800+30"]

1. e4 c5 2. Nf3 d6 3. d4 cxd4 4. Nxd4 Nf6 5. Nc3 g6 6. Be3 Bg7 7. f3 Nc6 8. Qd2 O-O 9. O-O-O d5 10. Nxc6 bxc6 11. g4 Qa5 12. h4 dxe4 13. g5 Nh5 14. Nxe4 Qxa2 15. Qb4 Qa1+ 16. Kd2 Qxb2 17. Qxe7 Bf5 18. Rc1 Bxe4 19. fxe4 Ng3 20. Rg1 Qc3+ 0-1

[Event "Polish Youth G16 Championship 2023"]
[Site "Jastrzebia Gora"]
[Date "2023.03.13"]
[Round "3.21"]
[White "Lach, Alicja"]
[Black "Niedorys, Karolina"]
[Result "0-1"]
[ECO "B23"]
[WhiteElo "1231"]
[BlackElo "1458"]
[Annotator "NA RC COMBH"]
[PlyCount "59"]
[EventDate "2023.03.11"]
[EventType "swiss"]
[EventCountry "POL"]
[SourceTitle "playchess.com"]
[Source "ChessBase"]
[SourceQuality "1"]
[TimeControl "40/5400+30:1800+30"]

1. e4 c5 2. Nc3 d6 3. f4 Nc6 4. Nf3 g6 5. Bc4 Bg7 6. d3 e6 7. O-O Nge7 8. Qe1 O-O 9. Qh4 d5 10. Bb3 Nd4 11. e5 Nxf3+ 12. Rxf3 Nf5 13. Qe1 Bd7 14. Rb1 Nd4 15. Rf2 Qc7 16. Ne2 Nf5 17. a3 c4 18. dxc4 dxc4 19. Ba2 b5 20. Bd2 Bc6 21. Bb4 Rfc8 22. Ba5 Qb7 23. Rd1 Ne3 24. Rd2 Nxg2 25. Qd1 Ne3 26. Qc1 Ng4 27. Rf1 Bg2 28. Re1 Bh3 29. Ng3 Bf8 30. Qd1 0-1

[Event "Polish Youth G16 Championship 2023"]
[Site "Jastrzebia Gora"]
[Date "2023.03.13"]
[Round "3.22"]
[White "Racis, Dominika"]
[Black "Gajec, Roza"]
[Result "0-1"]
[ECO "A56"]
[WhiteElo "1201"]
[BlackElo "1341"]
[Annotator "NA RC COMBH"]
[PlyCount "74"]
[EventDate "2023.03.11"]
[EventType "swiss"]
[EventCountry "POL"]
[SourceTitle "playchess.com"]
[Source "ChessBase"]
[SourceQuality "1"]
[TimeControl "40/5400+30:1800+30"]

1. d4 Nf6 2. c4 c5 3. dxc5 Qa5+ 4. Bd2 Qxc5 5. e3 g6 6. Nc3 Bg7 7. Nf3 O-O 8. Be2 d6 9. Nd4 a6 10. Nb3 Qc7 11. Rc1 Nbd7 12. e4 Nc5 13. f3 Be6 14. Nd5 Bxd5 15. cxd5 Rfc8 16. g4 Qd8 17. h4 Nfd7 18. Bc3 Nxb3 19. Qxb3 Nc5 20. Qd1 Bxc3+ 21. Rxc3 Qa5 22. a3 Na4 23. Kf2 Nxc3 24. bxc3 Rxc3 25. h5 Qc5+ 26. Kg3 Qe3 27. hxg6 fxg6 28. Qf1 Rf8 29. Rh2 Qxe4 30. Qh1 Qf4+ 31. Kf2 Qe3+ 32. Kg3 Rc2 33. Qd1 Rd2 34. Qf1 g5 35. a4 Rf6 36. Qe1 Qe5+ 37. Kh3 Rh6+ 0-1

[Event "Polish Youth G16 Championship 2023"]
[Site "Jastrzebia Gora"]
[Date "2023.03.13"]
[Round "3.23"]
[White "Domeradzka, Karolina"]
[Black "Zgoda, Aleksandra"]
[Result "0-1"]
[ECO "B43"]
[WhiteElo "1194"]
[BlackElo "1308"]
[Annotator "NA RC COMBH"]
[PlyCount "70"]
[EventDate "2023.03.11"]
[EventType "swiss"]
[EventCountry "POL"]
[SourceTitle "playchess.com"]
[Source "ChessBase"]
[SourceQuality "1"]
[TimeControl "40/5400+30:1800+30"]

1. e4 c5 2. Nf3 e6 3. Nc3 a6 4. d4 cxd4 5. Nxd4 b5 6. a3 Bb7 7. Be3 Nc6 8. f3 Nf6 9. Be2 Be7 10. O-O O-O 11. Nb3 d6 12. Qe1 Qc7 13. Qf2 Nd7 14. Rad1 Rac8 15. Bd3 Nce5 16. Nd4 Nc5 17. Bc1 Rfd8 18. f4 Nexd3 19. cxd3 d5 20. e5 Nd7 21. Nde2 b4 22. axb4 Bxb4 23. d4 f5 24. Kh1 Nb6 25. Rg1 Bc6 26. g4 Rf8 27. gxf5 Rxf5 28. Ng3 Rf7 29. Rd3 Na4 30. Nh5 Kh8 31. Rh3 Bb5 32. Nxb5 axb5 33. Qh4 Qc2 34. Nf6 gxf6 35. exf6 Qe4+ 0-1

[Event "Polish Youth G16 Championship 2023"]
[Site "Jastrzebia Gora"]
[Date "2023.03.14"]
[Round "4.1"]
[White "Ziobrowska, Maja"]
[Black "Bar, Klaudia"]
[Result "0-1"]
[ECO "B32"]
[WhiteElo "1758"]
[BlackElo "1731"]
[Annotator "NA RC COMBH"]
[PlyCount "84"]
[EventDate "2023.03.11"]
[EventType "swiss"]
[EventCountry "POL"]
[SourceTitle "playchess.com"]
[Source "ChessBase"]
[SourceQuality "1"]
[TimeControl "40/5400+30:1800+30"]

1. e4 c5 2. Nf3 Nc6 3. d4 cxd4 4. Nxd4 e5 5. Nb5 d6 6. N1c3 a6 7. Na3 Be6 8. Nc4 Rb8 9. a4 Nb4 10. Ne3 Nf6 11. Ncd5 Bxd5 12. exd5 Qa5 13. Bd2 Qc5 14. c4 Ne4 15. Bc3 a5 16. Qf3 Nf6 17. Be2 Nd7 18. O-O g6 19. Kh1 Bg7 20. Qg3 O-O 21. f4 f5 22. fxe5 dxe5 23. Nd1 Nc2 24. Rb1 Nd4 25. Qe3 Nxe2 26. Qxe2 Rbc8 27. b3 e4 28. Bxg7 Kxg7 29. Nc3 Ne5 30. Qb2 Qd4 31. Ne2 Qxb2 32. Rxb2 Nd3 33. Rd2 Kf6 34. g3 Ke5 35. h4 Rf6 36. Kg2 h6 37. Rh1 Rb6 38. Rb1 g5 39. hxg5 hxg5 40. Rh1 Rxb3 41. Rh5 Rxc4 42. Rxg5 Ne1+ 0-1

[Event "Polish Youth G16 Championship 2023"]
[Site "Jastrzebia Gora"]
[Date "2023.03.14"]
[Round "4.2"]
[White "Szczotka, Klara"]
[Black "Kawa, Anna"]
[Result "1-0"]
[ECO "C16"]
[WhiteElo "1739"]
[BlackElo "1743"]
[Annotator "NA RC COMBH"]
[PlyCount "125"]
[EventDate "2023.03.11"]
[EventType "swiss"]
[EventCountry "POL"]
[SourceTitle "playchess.com"]
[Source "ChessBase"]
[SourceQuality "1"]
[TimeControl "40/5400+30:1800+30"]

1. e4 e6 2. d4 d5 3. Nc3 Bb4 4. e5 b6 5. Qg4 Bf8 6. Nf3 Ne7 7. Bg5 Nbc6 8. Bb5 Bd7 9. a3 h6 10. Bh4 a6 11. Bd3 Na5 12. b4 Nc4 13. Bxc4 dxc4 14. Bxe7 Qxe7 15. Qe4 c6 16. O-O Qd8 17. Qe2 Be7 18. Qxc4 O-O 19. Rfd1 Qc8 20. Ne4 Rd8 21. Rab1 Be8 22. h3 Rd5 23. Qb3 Qc7 24. c4 Rdd8 25. Rbc1 a5 26. c5 axb4 27. axb4 Rdb8 28. Nd6 Bd7 29. Nd2 bxc5 30. dxc5 Bg5 31. Rc4 Bc8 32. f4 Be7 33. Nxc8 Qxc8 34. Ne4 Qa6 35. Nd6 Qa2 36. Qxa2 Rxa2 37. Rb1 Ra4 38. Kf1 f6 39. Rb2 fxe5 40. fxe5 Bg5 41. Ke2 Bc1 42. Rxc1 Raxb4 43. Rxb4 Rxb4 44. Rc2 Rd4 45. Ke3 Rd1 46. Rd2 Re1+ 47. Kd4 Rf1 48. Ne4 Ra1 49. Nc3 Rf1 50. Rb2 Rf4+ 51. Kd3 Kf7 52. Rb7+ Kg6 53. Ne2 Ra4 54. Nd4 Ra2 55. g4 Ra3+ 56. Rb3 Ra5 57. Nxe6 Kf7 58. Nd8+ Ke8 59. Nxc6 Rxc5 60. Rc3 Rd5+ 61. Ke4 Rd1 62. Kf5 Kf8 63. Ra3 1-0

[Event "Polish Youth G16 Championship 2023"]
[Site "Jastrzebia Gora"]
[Date "2023.03.14"]
[Round "4.3"]
[White "Tokarz, Izabela"]
[Black "Smietanska, Wiktoria"]
[Result "1/2-1/2"]
[ECO "D43"]
[WhiteElo "1725"]
[BlackElo "1954"]
[Annotator "TA"]
[PlyCount "185"]
[EventDate "2023.03.11"]
[EventType "swiss"]
[EventCountry "POL"]
[SourceTitle "playchess.com"]
[Source "ChessBase"]
[SourceQuality "1"]
[TimeControl "40/5400+30:1800+30"]

1. d4 d5 2. c4 c6 3. Nf3 Nf6 4. Nc3 e6 5. cxd5 exd5 6. Bg5 Bd6 7. Qc2 O-O 8. e3 h6 9. Bh4 Re8 {[%emt 0:05:34] 9...Be6 is the modern continuation.} 10. Bd3 Bg4 {[%emt 0:01:11] [#] D35: Queen's Gambit Declined: Exchange Variation.} (10... Be6 $11) 11. Rb1 $146 (11. h3 $14 Bxf3 12. gxf3) ({Predecessor:} 11. O-O Nbd7 12. Bg3 Bxg3 13. hxg3 Qe7 14. Rab1 Ne4 15. Bxe4 dxe4 16. Nd2 Nf6 17. b4 Rac8 18. Rfc1 {0-1 Rustemov,A (2525)-Matlakov,M (2674) Titled Tuesday intern op 22 Mar Late blitz 2022 (6)}) 11... a5 12. a3 Nbd7 13. Nd2 Qe7 14. O-O Be6 (14... g5 $5 15. Bg3 Bxg3 16. hxg3 b5 $11) 15. f3 c5 16. Rbe1 (16. f4 $5 ) 16... Rac8 17. Qd1 Bb8 18. Nb5 Qd8 19. Bb1 Qb6 20. a4 cxd4 21. exd4 Bf4 (21... Nh5 {with more complications.} 22. Nb3 Rc4 23. Nc1 Nf8) 22. Kh1 Rc6 23. Bd3 Rec8 (23... Qd8 $11 {remains equal.}) 24. Nb3 $16 Ne8 25. g3 Bb8 (25... Bd6 $11) 26. f4 {[%emt 0:00:48] White is more active.} (26. Qd2 $16) 26... f5 $2 {[%emt 0:02:51] [#]} (26... Ndf6 $11 {and Black is okay.}) 27. Rxe6 $1 $18 {[%emt 0:02:17][%mdl 576] Remove Defender} Rxe6 28. Bxf5 Nef6 29. Bxf6 (29. Bxe6+ $6 Qxe6 30. Bxf6 (30. Nxa5 Ne4 $14) 30... Qe4+ 31. Kg1 Rc2 $16) 29... Nxf6 30. Bxe6+ $2 (30. Nc5 $18 Ree8 31. Bxc8 Rxc8 32. Re1) 30... Qxe6 $14 31. Nc5 Qh3 {[%emt 0:00:31] Hoping for ...Ng4.} 32. Re1 (32. Nxb7 Rc2) 32... b6 33. Nd3 {[%emt 0:00:56] Excellent horsemanship.} Ne4 34. Kg1 Kh7 (34... g5 $1 $14) 35. Qe2 $16 h5 (35... Qf5 $16 36. Ne5 g5) 36. Nf2 $18 Nxf2 37. Qxf2 Qf5 38. Nc3 Rc4 39. Qd2 ({White should play} 39. Rd1) 39... Bd6 40. Qd1 {[%emt 0:00:00] [#]} (40. Kg2 $16) 40... Rxd4 $1 $15 {[%emt 0:00:00][%mdl 64] Remove Defender} 41. Qe2 (41. Qxd4 $2 Bc5 $19) (41. Qf3 Rd3) 41... Rb4 (41... Bc5 $15 {might be stronger.} 42. Kg2 Rb4) 42. Qf3 (42. Qg2 $11 {keeps the balance.}) 42... Rxb2 $17 {[%emt 0:05:31] White must now prevent ...Bc5+.} 43. Qxd5 (43. Nxd5 $17 {was worth a try.} h4 44. Ne3) 43... Bc5+ ({Not} 43... Qh3 44. Ne2 Bc5+ 45. Kh1 $15) (43... Qxd5 $19 44. Nxd5 b5 45. axb5 a4) 44. Kh1 $15 {[%emt 0:00:09] [#]} Qxd5+ 45. Nxd5 $17 {[%emt 0:00:02][%mdl 4096] Endgame KRB-KRN} Ra2 46. Rb1 ({Better is} 46. Re4 $15) 46... Rxa4 47. Nxb6 (47. Rb5 $142) 47... Rb4 48. Rxb4 axb4 {[%emt 0:00:10][%cal Ba5b4,Bb4b3,Bb3b2][%mdl 32] KB-KN} ({Inferior is} 48... Bxb4 49. Kg2 $15) 49. Nc4 b3 50. Nd2 $2 (50. Kg2 $17) 50... b2 $19 51. Kg2 Kg6 52. Kf3 Kf5 ({Wrong is} 52... Bb4 $2 53. Nb1 $19) (52... h4 $142 53. gxh4 Kh5) 53. h3 Ke6 54. Ke4 Bb4 55. Nb1 Be1 56. g4 {[%emt 0:00:27] [#]} h4 $1 57. Na3 Bd2 58. f5+ Kf6 59. Kd5 Bb4 60. Nb1 Be7 61. Nd2 Kg5 62. Ke4 Bb4 63. Nb1 Kf6 64. Kd5 $1 Be7 65. Nd2 $1 Kg5 {[%emt 0:00:42] ...Kf4 would be deadly.} 66. Ke4 Bf6 67. Nf3+ Kh6 68. Nd2 g6 69. fxg6 Kxg6 70. Nb1 Bg7 71. Na3 Kf6 72. Kd5 Bf8 73. Nb1 Bb4 (73... Kg5 $17 {aiming for ...Kf4.} 74. Ke4 Bg7) 74. Kc4 $1 $11 Bd6 75. Kd5 (75. Kd3 $11) 75... Bf8 76. Nd2 Bh6 77. Nb1 Kg5 {[%emt 0:00:26] ( -> ...Kf4)} 78. Ke4 Bg7 79. Nd2 Kf6 80. Kd5 Ke7 (80... Kg6 $17 81. Nb1 Kg5) 81. Nb1 (81. Kc4 $1 $11) 81... Bf6 (81... Kf7 $17 82. Kc4 Kf6) 82. Na3 (82. Kc4 $1 $11 {was the only way to keep the balance.}) 82... Kd7 ({Black should try} 82... Kf7 $17 83. Nb1 Kg6) 83. Nb1 {[%emt 0:00:07] The position is equal.} Bg5 84. Nc3 Bd2 85. Nb1 Bc1 86. Nc3 Kc7 87. Kc5 Be3+ 88. Kd5 Bc1 89. Kc5 Kb7 90. Nb1 Be3+ 91. Kd5 Kb6 92. Na3 {[%emt 0:01:16] And now Nc4+ would win.} Ka6 93. Ke4 {A wild game.   Weighted Error Value: White=0.32/Black=0.27 (precise)} 1/2-1/2

[Event "Polish Youth G16 Championship 2023"]
[Site "Jastrzebia Gora"]
[Date "2023.03.14"]
[Round "4.4"]
[White "Szopa, Emilia"]
[Black "Pawicka, Magdalena"]
[Result "0-1"]
[ECO "B93"]
[WhiteElo "1709"]
[BlackElo "1805"]
[Annotator "NA RC COMBH"]
[PlyCount "80"]
[EventDate "2023.03.11"]
[EventType "swiss"]
[EventCountry "POL"]
[SourceTitle "playchess.com"]
[Source "ChessBase"]
[SourceQuality "1"]
[TimeControl "40/5400+30:1800+30"]

1. e4 c5 2. Nf3 d6 3. d4 cxd4 4. Nxd4 Nf6 5. Nc3 a6 6. f4 e5 7. Nb3 Nbd7 8. g4 d5 9. exd5 Nb6 10. g5 Nfxd5 11. Nxd5 Nxd5 12. Bg2 Nxf4 13. Qxd8+ Kxd8 14. Bxf4 exf4 15. O-O-O+ Kc7 16. Rd4 Bd6 17. Rhd1 Rd8 18. Rc4+ Kb6 19. a4 Be6 20. Rcd4 Be7 21. h4 Rac8 22. R1d3 h6 23. Rxd8 Rxd8 24. gxh6 Rxd3 25. cxd3 gxh6 26. Nd4 Bxh4 27. Nxe6 fxe6 28. Kc2 Kc7 29. Bf3 b6 30. d4 Kd6 31. Kd3 e5 32. d5 Bd8 33. Ke4 Bc7 34. Kf5 Kc5 35. Ke6 Kd4 36. Be2 e4 37. d6 Bxd6 38. Kxd6 f3 39. Bxa6 e3 40. Kc6 e2 0-1